 Dungeon Crawl Stone Soup version 0.23.2-40-g277498a001 (webtiles) character file.

Game seed: 13643074136061773329

30 Ivernyr the Digger (level 3, -1/28 HPs)
             Began as a Deep Dwarf Earth Elementalist on Oct 4, 2019.
             Killed from afar by a dart slug (4 damage)
             ... with a slug dart
             ... on level 1 of the Dungeon.
             The game lasted 00:04:59 (487 turns).

Ivernyr the Digger (Deep Dwarf Earth Elementalist)   Turns: 487, Time: 00:04:59

Health: -1/28      AC:  2    Str: 11    XL:     3   Next: 3%
Magic:  6/6        EV: 12    Int: 16    God:
Gold:   66         SH:  0    Dex: 13    Spells: 5/6 levels left

rFire    . . .     SeeInvis .   a - +0 dagger (speed)
rCold    . . .     Gourm    .   (no shield)
rNeg     . . .     Faith    .   c - +0 robe
rPois    .         Spirit   .   (no helmet)
rElec    .         Reflect  .   (no cloak)
rCorr    .         Harm     .   (no gloves)
MR       .....                  (no boots)
Stlth    ++........             (no amulet)
HPRegen  0.00/turn              (no ring)
MPRegen  0.10/turn              (no ring)

@: non-regenerating
A: damage resistance, heal wounds, sense surroundings 1, no regeneration
a: Heal Wounds


You were on level 1 of the Dungeon.
You were not hungry.

You visited 1 branch of the dungeon, and saw 1 of its levels.

You collected 66 gold pieces.

Inventory:

Hand Weapons
 a - a +0 dagger of speed (weapon)
Missiles
 b - 33 stones (quivered)
Armour
 c - a +0 robe (worn)
Scrolls
 e - a scroll of fear {unknown}
 f - a scroll of fog {unknown}
 g - a scroll of teleportation {unknown}
 h - 2 scrolls of identify {unknown}
 i - a scroll of amnesia {unknown}
Potions
 j - a potion of agility {unknown}
Comestibles
 d - 3 rations


   Skills:
 + Level 1.2 Armour
 - Level 2.1 Dodging
 - Level 2.4 Stealth
 + Level 2.1 Spellcasting
   Level 0.8 Transmutations
 * Level 4.9 Earth Magic


You had 5 spell levels left.
You knew the following spells:

 Your Spells              Type           Power        Failure   Level  Hunger
a - Sandblast             Erth           ###...       2%          1    #......

Your spell library contained the following spells:

 Spells                   Type           Power        Failure   Level  Hunger
 Passwall                 Tmut/Erth      ##......     10%         2    ###....
 Stone Arrow              Conj/Erth      #.....       22%         3    ###....
 Petrify                  Tmut/Erth      ##......     52%         4    #####..
 Lee's Rapid Deconstruct  Erth           ###.......   58%         5    ######.


Dungeon Overview and Level Annotations

Branches:
Dungeon (1/15)

Altars:


Innate Abilities, Weirdness & Mutations

You are resistant to damage.
You can heal yourself by infusing magical energy.
You passively map a small area around you.
You do not regenerate.


Message History

The hobgoblin moves out of view.
k - a glowing brass amulet You see here a goblin corpse.
Put on which piece of jewellery? (? for menu, Esc to quit)
The amulet feels cold and inert.
k - an amulet of regeneration (around neck)
You remove your amulet of regeneration.
You drop an uncursed amulet of regeneration.
You now have 57 gold pieces (gained 15).
Welcome back, Ivernyr the Deep Dwarf Earth Elementalist.
Press ? for a list of commands and other information.
You now have 66 gold pieces (gained 9).
You see here a robe.
h - 2 scrolls labeled SOANNIC NOPOPH (gained 1)
You see here a robe.
There is an escape hatch in the floor here.
A dart slug comes into view.
The dart slug launches a dart at you. The slug dart hits you!
You die...

######.).#### *≈# #...# ##...
######......# * #...# #....
††)).......## ≈ #...###....
..########..# ≈ #..........
.....####...# * ** #..........
...#....#...###########...#.###..
...####...................#.# ##.
...####............####...#.# #.
................@..#* ##..#.. #.
...####.............#* ##....###.
...# #..............###.........
.#.####..............##..(.....#.
##...."........#..#..............
#######............#.....[.......
≈# #...........w.#............
≈### #.............*#....†......
≈..# #.......... #..........#


You could see a dart slug.

Vanquished Creatures
  2 leopard geckos (D:1)
  A giant cockroach (D:1)
  8 goblins (D:1)
  A hobgoblin (D:1)
  3 jackals (D:1)
  2 bats (D:1)
  3 frilled lizards (D:1)
  A kobold (D:1)
  4 rats (D:1)
25 creatures vanquished.

Vanquished Creatures (others)
  A hobgoblin (D:1)
1 creature vanquished.

Grand Total: 26 creatures vanquished

Notes
Turn   | Place    | Note
-------+----------+-------------------------------------------
     0 | D:1      | Ivernyr the Deep Dwarf Earth Elementalist began the quest
                  | for the Orb.
     0 | D:1      | Reached XP level 1. HP: 15/15 MP: 3/3
   137 | D:1      | Reached XP level 2. HP: 16/22 MP: 1/4
   267 | D:1      | Reached skill level 1 in Armour
   337 | D:1      | Reached XP level 3. HP: 3/28 MP: 2/6
   487 | D:1      | Killed from afar by a dart slug

Skill      XL: |  1  2 |
---------------+-------+-----
Spellcasting   | 2 |  2.1
Armour         | 1 |  1.2
Dodging        | |  2.1
Stealth        | |  2.4
Transmutations | |  0.8
Earth Magic    | |  4.9

Action                   || total
-------------------------++-------
Melee: Club              ||    25
       Mace              ||     7
 Cast: Sandblast         ||    22
Armor: Robe              ||     3
Dodge: Dodged            ||    36
